 Dungeon Crawl Stone Soup version 0.31-a0-1111-ga3525b893c (webtiles) character file.

Game seed: 7878991899224126790

149623 Dirtsage the Earth Mage (level 17, -10/109 HPs)
             Began as a Gargoyle Earth Elementalist on Dec 3, 2023.
             Was a High Priest of Vehumet.
             Killed from afar by a salamander tyrant (43 damage)
             ... on level 4 of the Snake Pit.
             The game lasted 02:11:40 (38038 turns).

Dirtsage the Earth Mage (GrEE)                     Turns: 38038, Time: 02:11:40

Health: -10/109    AC: 22    Str: 15    XL:     17   Next: 51%
Magic:  32/32      EV: 25    Int: 23    God:    Vehumet [*****.]
Gold:   2341       SH: 12    Dex: 10    Spells: 8/38 levels left

rFire   . . .        j - staff of conjuration
rCold   + . .        s - +2 kite shield {reflect}
rNeg    + . .        U - +0 troll leather armour
rPois   ∞            r - +1 hat {Will+}
rElec   +            N - scarf {repulsion}
rCorr   .            z - +2 pair of gloves
SInv    .            O - +0 pair of boots
Will    +++..        W - amulet "Urchaddap" {Acrobat rPois Slay+5}
Stlth   ++           Z - ring "Ruklar" {rPois Will+}
HPRegen 1.18/turn    D - ring of Ulowufu {Fly rC+ Str+2}
MPRegen 0.23/turn

%: repel missiles, reflection, acrobat
@: weakened, acrobatic, flying
A: sickness immunity, AC +12, big wings, negative energy resistance 1,
electricity resistance, torment resistance 1, petrification resistance
a: Renounce Religion


You were on level 4 of the Snake Pit.
You worshipped Vehumet.
Vehumet was extremely pleased with you.
You visited 5 branches of the dungeon, and saw 27 of its levels.
You also visited: Bailey and Gauntlet.

You collected 2781 gold pieces.
You spent 440 gold pieces at shops.

Inventory:

Missiles
 v - a throwing net
 J - 2 curare-tipped darts
Armour
 k - the +6 fire dragon scales "Mooff" {+Blink rElec rF++ rC- Str-4}
   (You took it off a minotaur in a Gauntlet)

   Str-4:     It affects your strength (-4).
   rF++:      It greatly protects you from fire.
   rC-:       It makes you vulnerable to cold.
   rElec:     It insulates you from electricity.
   +Blink:    It lets you blink.
 r - a +1 hat of willpower (worn)
 s - a +2 kite shield of reflection (worn)
 z - a +2 pair of gloves (worn)
 K - a +1 cloak of willpower
 N - a scarf of repulsion (worn)
 O - a +0 pair of boots (worn)
 U - a +0 troll leather armour (worn)
Magical Staves
 j - a staff of conjuration (weapon)
Jewellery
 C - a ring of resist corrosion
 D - the ring of Ulowufu (right hand) {Fly rC+ Str+2}
   (You found it in a Gauntlet)

   [ring of flight]

   Str+2:     It affects your strength (+2).
   rC+:       It protects you from cold.
   Fly:       It grants you flight.
 I - a ring of protection from cold
 Q - a +5 ring of evasion
 W - the amulet "Urchaddap" (around neck) {Acrobat rPois Slay+5}
   (You found it in a Gauntlet)

   [amulet of the acrobat]

   Acrobat:   It increases your evasion while moving and waiting.
   Slay+5:    It affects your accuracy & damage with ranged weapons and melee
   (+5).
   rPois:     It protects you from poison
 Z - the ring "Ruklar" (left hand) {rPois Will+}
   (You found it in a Gauntlet)

   [ring of willpower]

   rPois:     It protects you from poison Will+: It increases your willpower.
Talismans
 c - a talisman of death
Wands
 G - a wand of quicksilver (9)
 L - a wand of iceblast (15)
 T - a wand of mindburst (14)
Scrolls
 a - 4 scrolls of revelation
 g - 2 scrolls of fear
 m - a scroll of acquirement
 t - 11 scrolls of teleportation
 w - a scroll of poison
 x - a scroll of butterflies
 y - 3 scrolls of immolation
 A - a scroll of silence
 B - 7 scrolls of blinking
 F - 7 scrolls of enchant armour
 P - 2 scrolls of fog
 V - 3 scrolls of vulnerability
 Y - 2 scrolls of amnesia
Potions
 b - a potion of magic
 d - 3 potions of might
 e - 2 potions of mutation {unknown}
 f - a potion of cancellation
 h - 5 potions of haste
 i - a potion of invisibility
 l - 2 potions of heal wounds
 n - a potion of resistance
 o - a potion of lignification
 q - 7 potions of curing
 E - 3 potions of berserk rage {unknown}
 H - 2 potions of enlightenment {unknown}
 R - 4 potions of attraction
 X - 2 potions of degeneration {unknown}
Miscellaneous
 p - a tin of tremorstones (2/2)
 u - a sack of spiders
 M - a phantom mirror
 S - a lightning rod (4/4)


   Skills:
 + Level 13.4 Fighting
 - Level 9.5 Staves
 - Level 8.9 Armour
 - Level 1.5 Dodging
 - Level 2.1 Stealth
 + Level 9.3 Shields
 + Level 11.1 Spellcasting
 + Level 16.1 Conjurations
 - Level 8.3 Hexes
 - Level 0.7 Transmutations
 + Level 16.8 Earth Magic


You had 8 spell levels left.
You knew the following spells:

 Your Spells              Type           Power      Damage    Failure   Level
a - Sandblast             Erth           100%       2d20      0%          1
b - Brom's Barrelling Bo  Conj/Erth      93%        2d10      1%          4
c - Fulminant Prism       Conj/Hex       40%        3d19      1%          4
d - Orb of Destruction    Conj           46%        9d12      4%          7
e - Bombard               Conj/Erth      46%        9d8       1%          6
x - Stone Arrow           Conj/Erth      100%       3d13      1%          3
z - Lee's Rapid Deconstr  Erth           37%        3d18*     1%          5

Your spell library contained the following spells:

 Spells                   Type           Power      Damage    Failure   Level
 Conjure Ball Lightning   Conj/Air       33%        3x3d11    21%         6
 Passwall                 Tmut/Erth      43%        N/A       1%          2
 Mephitic Cloud           Conj/Pois/Air  54%        N/A       1%          3
 Petrify                  Tmut/Erth      52%        N/A       3%          4
 Irradiate                Conj/Tmut      33%        3d22      3%          5
 Poisonous Vapours        Pois/Air       24%        N/A       6%          2
 Freezing Cloud           Conj/Ice/Air   27%        6-21      11%         5
 Lesser Beckoning         Tloc           24%        N/A       22%         2
 Gell's Gravitas          Tloc           12%        N/A       38%         3
 Teleport Other           Tloc           12%        N/A       38%         3
 Summon Mana Viper        Hex/Summ       31%        N/A       56%         5
 Manifold Assault         Tloc           12%        N/A       80%         4
 Summon Forest            Summ/Tloc      6%         N/A       98%         5
 Dispersal                Tloc           6%         N/A       100%        6
 Summon Cactus Giant      Summ           6%         N/A       100%        6
 Disjunction              Tloc           6%         N/A       100%        8
 Sublimation of Blood     Necr           Unusable   N/A       N/A         2

Dungeon Overview and Level Annotations

Branches:
Dungeon (15/15)            Temple (1/1) D:5            Lair (5/5) D:10
 Shoals (0/4) Lair:2        Snake (4/4) Lair:2        Slime (0/5) Lair:4
    Orc (2/2) D:10            Elf (0/3) Orc:2        Vaults (0/5) D:13
 Bailey (visited)         Gauntlet (visited)
 Depths: D:15

Altars:
Ashenzari
Cheibriados
Dithmenos
Elyvilon
Fedhas
Gozag
Hepliaklqana
Kikubaaqudgha
Makhleb
Nemelex Xobeh
Okawaru
Qazlal
Ru
Sif Muna
Trog
Uskayaw
Vehumet
Wu Jian
Xom
Yredelemnul
The Shining One
Jiyva

Shops:
D:8 [   Orc:2 :**((

Annotations:
D:9 exclusion: obsidian statue
Temple 4 transporters
Lair:3 exclusion: oklob plant
Snake:2 3 runed translucent doors, Hih Uni's ghost, journeyman MiFi; Pudaididd's ghost, adept DsMo; Romunoh's ghost, adept SpBr
Orc:2 Jorgrun


Innate Abilities, Weirdness & Mutations

You are immune to sickness and miasma.
Your stone body is resilient. (AC +12)
You are immune to poison.
Your large and strong wings let you fly.
You resist negative energy. (rN+)
You are resistant to electric shocks. (rElec)
You are resistant to unholy torment.
You are immune to petrification.


Message History

Casting: Stone Arrow (safe; 1% risk of failure)
Confirm with . or Enter, or press ? or * to list all spells.
Aiming: Orb of Destruction (dangerous; 4% risk of failure)
Press: ? - help, Shift-Dir - straight line, f - salamander tyrant
Aim: a salamander tyrant (wandering, hasn't noticed you)
You feel a surge of power!
You now have 19/32 mp.
The orb of destruction hits the salamander tyrant!!!
The salamander tyrant is almost dead.
Aiming: Sandblast (safe; 0% risk of failure)
Press: ? - help, Q - select action, (/) - cycle Shift-Dir - straight line, f/p - salamander tyrant
Aim: a salamander tyrant (almost dead, 91% to hit)
The blast of sand hits the salamander tyrant!!
You kill the salamander tyrant!
Vehumet accepts your kill.
You now have 19/32 mp.
You reach down and open the door.
A nagaraja and 2 salamander tyrants come into view.
The nagaraja shouts!
You hear a shout!
The salamander tyrant rends the earth beneath you!
The blast of magma engulfs you!!!
The salamander tyrant calls gouts of flame from the lava!
The flame surge hits you!!
* * * LOW HITPOINT WARNING * * *
You hear a shout! x2
You take 80 damage, and have 29/109 hp.
MASSIVE DAMAGE!!
MP restored: 32 The nagaraja mumbles some strange words.
The nagaraja seems to speed up.
The salamander tyrant gazes fiercely through you!
You feel your attacks grow feeble.
You regained 2 hp, and now have 31/109 hp.
The nagaraja points at you and mumbles some strange words.
You resist with almost no effort.
The salamander tyrant gazes fiercely through you!
You feel as though you will be weak longer.
A naga warrior comes into view. It is wielding a +0 war axe.
The salamander tyrant rends the earth beneath you!
The blast of magma engulfs you!!!
You die...

#..##........#..)...≈≈§≈§.)...#..
....#........#..§.≈≈§≈≈§§§....#..
....##......##..≈≈≈≈≈§§≈§≈≈≈..##.
.....+.....##...§§≈§≈≈≈≈≈≈≈≈...##
'#..##....##...≈≈§########≈≈§§§§#
.####....##..≈≈≈###......###§§§.(
........##..≈§≈##..........##§≈§.
.......##..≈≈≈##≈≈........†.##§≈≈
......##§§§≈≈##≈@..######....##≈.
.....##.)§≈≈##.≈≈### ###...##≈
.....#..≈§§##.≈.## ##...##
.....#..≈≈≈#..≈## ##...#
.....#'#####'≈.# #...' .......#
..#+## ##### ##....##.NNN
###...#..N. #..##....


You could see a nagaraja (fast), a naga warrior and 2 salamander tyrants.

Vanquished Creatures
  Asterion (Snake:3)
  Frances (D:12)
  An orc warlord (Orc:1)
  Nessos (Orc:2)
  A minotaur (Gauntlet)
  An ettin (D:15)
  An entropy weaver (Gauntlet)
  Erolcha (Orc:2)
  4 vault guards (D:13)
  5 hydras
  3 salamander tyrants
  7 anacondas
  5 ogre magi (Orc:2)
  4 centaur warriors
  Erica (D:8)
  5 boulder beetles
  7 two-headed ogres
  5 naga warriors
  Urug (Lair:1)
  3 tengu warriors
  7 shock serpents
  A soul eater (D:15)
  An occultist (D:15)
  4 orc high priests
  4 naga sharpshooters
  Amaemon (Lair:3)
  A fire crab (Lair:4)
  4 skysharks
  5 naga ritualists
  4 salamander mystics (Snake:4)
  3 orc knights
  A deep elf pyromancer (D:12)
  A lindwurm (Snake:4)
  2 necromancers (D:15)
  2 orc sorcerers
  A wolf spider (Gauntlet)
  12 ugly things
  13 mana vipers
  16 salamanders
  A manticore (D:12)
  2 oklob plants
  3 cyclopes
  8 elephants
  An ice statue (D:9)
  A kobold blastminer (Orc:2)
  30 black mambas
  12 naga magi
  A gargoyle (D:12)
  2 torpor snails (Lair:4)
  3 guardian serpents
  3 orange demons
  Joseph (D:11)
  A cane toad (shapeshifter) (D:14)
  A large abomination (D:14)
  14 cane toads
  2 minotaur zombies (D:14)
  10 komodo dragons
  2 unseen horrors
  Jeremiah (Lair:1)
  3 rime drakes
  A freezing wraith (D:14)
  An efreet (D:14)
  2 tengu conjurers
  7 trolls
  A hellwing (D:15)
  8 polar bears
  6 hornets
  24 blink frogs
  A meliai zombie (D:14)
  8 dream sheep
  5 slime creatures (D:14)
  3 centaur simulacra (Gauntlet)
  13 spriggans (Lair:5)
  3 shadows
  A vampire (D:13)
  41 yaks
  2 wraiths
  3 basilisks
  8 wyverns
  Grum (D:8)
  16 wargs
  A redback (Gauntlet)
  7 vampire mosquitoes
  A harpy simulacrum (Gauntlet)
  5 acid dragons
  14 water moccasins
  39 nagas
  A meliai simulacrum (Gauntlet)
  5 ice beasts
  23 orc warriors
  A sky beast (D:7)
  2 black bears (Lair:5)
  An elephant zombie (D:14)
  10 ogres
  3 boggarts (Lair:5)
  23 wolves
  6 centaurs
  A phantom (D:7)
  14 bullfrogs
  11 kobold brigands
  4 small abominations
  A scorpion (D:5)
  16 wights
  3 spriggan zombies (D:14)
  5 killer bees (D:8)
  2 electric eels (Lair:5)
  2 wolf zombies (D:14)
  A howler monkey (D:11)
  A centaur zombie (D:14)
  2 hounds (D:6)
  Crazy Yiuf (D:4)
  20 orc priests
  4 gnoll boudas
  9 jellies
  Ijyb (D:4)
  3 iguanas (D:5)
  22 orc wizards
  3 killer bee zombies (D:14)
  13 gnolls
  9 adders
  A shadow imp (D:6)
  2 white imps
  6 ufetubi
  6 worms
  4 dart slugs
  110 orcs
  11 ball pythons
  7 bats
  12 endoplasms
  A giant cockroach (D:1)
  17 goblins
  10 hobgoblins
  2 jackals (D:2)
  4 quokkas
  A bat (shapeshifter) (D:13)
  3 frilled lizards (D:1)
  35 kobolds
  4 rats
  10 fulminant prisms
934 creatures vanquished.

Vanquished Creatures (collateral kills)
  Donald (Snake:1)
  14 boulders
15 creatures vanquished.

Vanquished Creatures (others)
  7 boulders
  28 fulminant prisms
35 creatures vanquished.

Grand Total: 984 creatures vanquished

Notes
Turn   | Place    | Note
-------+----------+-------------------------------------------
     0 | D:1      | Dirtsage the Gargoyle Earth Elementalist began the quest
                  | for the Orb.
     0 | D:1      | Reached XP level 1. HP: 10/10 MP: 3/3
   178 | D:1      | Reached XP level 2. HP: 16/16 MP: 1/5
   439 | D:1      | Reached skill level 1 in Fighting
   440 | D:1      | Reached skill level 1 in Conjurations
   440 | D:1      | Reached XP level 3. HP: 20/20 MP: 1/6
   444 | D:1      | Learned a level 3 spell: Stone Arrow
  1470 | D:2      | Reached XP level 4. HP: 25/25 MP: 5/7
  1928 | D:3      | Reached skill level 5 in Earth Magic
  2168 | D:3      | Reached XP level 5. HP: 30/30 MP: 4/8
  2463 | D:4      | Reached XP level 6. HP: 21/36 MP: 2/10
  2539 | D:4      | You fall into a shaft and drop 2 floors!
  2642 | D:6      | Noticed an orc warrior
  2650 | D:6      | Killed an orc warrior
  2657 | D:6      | Noticed an ice beast
  2778 | D:6      | Reached XP level 7. HP: 41/41 MP: 8/12
  2906 | D:5      | Entered Level 5 of the Dungeon
  3169 | D:5      | Found a staircase to the Ecumenical Temple.
  3175 | Temple   | Found a transporter.
  3175 | Temple   | Found a transporter.
  3175 | Temple   | Found a transporter.
  3175 | Temple   | Found a transporter.
  3175 | Temple   | Entered the Ecumenical Temple
  3587 | D:5      | Reached XP level 8. HP: 48/48 MP: 8/14
  3769 | D:4      | Noticed Ijyb
  3807 | D:4      | Killed Ijyb
  3965 | D:4      | Identified the +6 dagger of the Sage {antimagic, rElec rN+
                  | Str+4}
  4045 | D:4      | Found a runed translucent door.
  4046 | D:4      | Noticed Crazy Yiuf
  4312 | D:4      | Found a stormy altar of Qazlal.
  4626 | D:4      | Killed Crazy Yiuf
  5559 | D:7      | Noticed a wyvern
  5572 | D:7      | Killed a wyvern
  5750 | D:7      | Reached skill level 5 in Fighting
  5750 | D:7      | Reached skill level 5 in Conjurations
  5949 | D:7      | Reached XP level 9. HP: 54/54 MP: 9/16
  6082 | D:7      | Reached skill level 5 in Spellcasting
  6257 | D:7      | Found an ancient bone altar of Kikubaaqudgha.
  6772 | D:8      | Reached skill level 10 in Earth Magic
  7050 | D:8      | Noticed Grum
  7055 | D:8      | Killed Grum
  7093 | D:8      | Found a flagged portal.
  7093 | D:8      | Noticed Erica
  7173 | D:8      | Killed Erica
  7174 | D:8      | Reached XP level 10. HP: 13/61 MP: 1/19
  7239 | Bailey   | Entered a bailey
  7338 | Bailey   | Learned a level 4 spell: Brom's Barrelling Boulder
  7663 | Bailey   | Noticed an orc knight
  7681 | Bailey   | Killed an orc knight
  7871 | Bailey   | Found an iron altar of Okawaru.
  8128 | D:8      | Found an opulent altar of Gozag.
  8360 | D:8      | Found Unnol's Antique Armour Shoppe.
  8373 | D:8      | Bought an embroidered scarf for 184 gold pieces
  8417 | D:8      | Found a sacrificial altar of Ru.
  9142 | D:9      | Reached XP level 11. HP: 68/68 MP: 3/21
  9274 | D:9      | Found a shimmering altar of Xom.
  9596 | D:9      | Noticed an obsidian statue
 10141 | D:10     | Entered Level 10 of the Dungeon
 10452 | D:10     | Found a basalt altar of Yredelemnul.
 10726 | D:10     | Found a staircase to the Orcish Mines.
 11386 | D:10     | Found a staircase to the Lair.
 11442 | D:10     | Found a glowing golden altar of the Shining One.
 11443 | D:10     | Found a snail-covered altar of Cheibriados.
 11443 | D:10     | Found a blossoming altar of Fedhas.
 11444 | D:10     | Found a radiant altar of Vehumet.
 11446 | D:10     | Found an ornate altar of the Wu Jian Council.
 11447 | D:10     | Found a hide-covered altar of Uskayaw.
 11461 | D:10     | Became a worshipper of Vehumet
 11778 | D:11     | Identified the +2 flail "Yka Lagih" {speed, Will+}
 12019 | D:11     | Noticed a red ugly thing
 12041 | D:11     | Noticed Joseph
 12051 | D:11     | Killed Joseph
 12052 | D:11     | Reached skill level 1 in Staves
 12052 | D:11     | Reached skill level 1 in Armour
 12345 | D:11     | Killed a red ugly thing
 12506 | Lair:1   | Entered Level 1 of the Lair of Beasts
 12684 | Lair:1   | Reached XP level 12. HP: 65/76 MP: 12/23
 12792 | Lair:1   | Noticed Jeremiah
 12844 | Lair:1   | Killed Jeremiah
 13176 | Lair:1   | Noticed Urug
 13201 | Lair:1   | Reached skill level 5 in Staves
 13205 | Lair:1   | Killed Urug
 13669 | Lair:2   | Noticed a skyshark
 13677 | Lair:2   | Killed a skyshark
 13786 | Lair:2   | Reached skill level 10 in Fighting
 13806 | Lair:1   | Reached * piety under Vehumet
 13806 | Lair:1   | Offered knowledge of Freeze by Vehumet.
 13957 | Lair:2   | Noticed a seven-headed hydra
 13963 | Lair:1   | Killed a seven-headed hydra
 13964 | Lair:1   | Reached skill level 5 in Armour
 14632 | Lair:2   | Found a staircase to the Shoals.
 14951 | Lair:2   | Found a staircase to the Snake Pit.
 15474 | Lair:2   | Found a blossoming altar of Fedhas.
 15743 | Lair:3   | Reached XP level 13. HP: 64/84 MP: 8/24
 15968 | Lair:3   | Offered knowledge of Static Discharge by Vehumet.
 16117 | Lair:3   | Reached skill level 1 in Shields
 16127 | Lair:3   | Reached ** piety under Vehumet
 16147 | Lair:3   | Found a gate leading to a gauntlet.
 16157 | Gauntlet | Entered a Gauntlet
 16157 | Gauntlet | Found a transporter.
 16201 | Gauntlet | Found a transporter.
 16204 | Gauntlet | Found a transporter.
 16205 | Gauntlet | Found a transporter.
 16213 | Gauntlet | Found a transporter.
 16216 | Gauntlet | Found a transporter.
 16217 | Gauntlet | Found a transporter.
 16221 | Gauntlet | Found a runed translucent door.
 16223 | Gauntlet | Found a runed translucent door.
 16225 | Gauntlet | Found a transporter.
 16228 | Gauntlet | Found a transporter.
 16229 | Gauntlet | Found a transporter.
 16240 | Gauntlet | Found a transporter.
 16241 | Gauntlet | Found a transporter.
 16243 | Gauntlet | Noticed an entropy weaver
 16249 | Gauntlet | Found a transporter.
 16274 | Gauntlet | Found a transporter.
 16461 | Gauntlet | Identified the ring of Ulowufu {Fly rC+ Str+2}
 16581 | Gauntlet | Identified the ring "Ruklar" {rPois Will+}
 16633 | Gauntlet | Killed an entropy weaver
 16641 | Gauntlet | Identified the amulet "Urchaddap" {Acrobat rPois Slay+5}
 16934 | Gauntlet | Identified the +8 orcbow of Dishonour {freeze, rF+}
 16934 | Gauntlet | Identified the +6 fire dragon scales "Mooff" {+Blink rElec
                  | rF++ rC- Str-4}
 16934 | Gauntlet | Noticed a minotaur
 16949 | Gauntlet | Killed a minotaur
 17818 | Lair:3   | Noticed Amaemon
 17827 | Lair:3   | Killed Amaemon
 18445 | Lair:4   | Found a staircase to the Slime Pits.
 18445 | Lair:4   | Found a viscous altar of Jiyva.
 18448 | Lair:4   | Offered knowledge of Volatile Blastmotes by Vehumet.
 18857 | Lair:4   | Reached *** piety under Vehumet
 19375 | Lair:4   | Offered knowledge of Fulminant Prism by Vehumet.
 19384 | Lair:4   | Learned a level 4 spell: Fulminant Prism
 19642 | Lair:4   | Reached skill level 1 in Hexes
 19686 | Lair:4   | Gained mutation: Your large and strong wings let you fly.
                  | [Gargoyle growth]
 19686 | Lair:4   | Reached XP level 14. HP: 85/91 MP: 22/26
 19956 | Lair:4   | Reached skill level 10 in Conjurations
 20055 | Lair:4   | Reached **** piety under Vehumet
 20395 | Lair:5   | Entered Level 5 of the Lair of Beasts
 20574 | Lair:5   | Offered knowledge of Lee's Rapid Deconstruction by Vehumet.
 20857 | Lair:5   | Learned a level 5 spell: Lee's Rapid Deconstruction
 21483 | Lair:5   | Reached ***** piety under Vehumet
 21551 | Lair:5   | Offered knowledge of Orb of Destruction by Vehumet.
 21552 | Lair:5   | Reached skill level 5 in Shields
 21859 | Lair:5   | Learned a level 7 spell: Orb of Destruction
 23125 | D:12     | Noticed Frances
 23132 | D:12     | Killed Frances
 23548 | D:12     | Reached skill level 5 in Hexes
 24714 | D:13     | Reached XP level 15. HP: 96/96 MP: 21/28
 24998 | D:13     | Found a gate to the Vaults.
 25948 | D:14     | Found a basalt altar of Yredelemnul.
 25948 | D:14     | Identified the +1 war axe of Contention {heavy, rC+ rCorr}
 26902 | D:14     | Offered knowledge of Starburst by Vehumet.
 27694 | D:15     | Entered Level 15 of the Dungeon
 28293 | Orc:1    | Entered Level 1 of the Orcish Mines
 28329 | Orc:1    | Noticed an orc warlord
 28444 | Orc:1    | Killed an orc warlord
 28742 | Orc:2    | Entered Level 2 of the Orcish Mines
 28769 | Orc:2    | Noticed Nessos
 28781 | Orc:2    | Killed Nessos
 28857 | Orc:2    | Reached skill level 15 in Earth Magic
 29082 | Orc:2    | Found Ilib's Weapon Shop.
 29197 | Orc:2    | Found a staircase to the Elven Halls.
 29346 | Orc:2    | Noticed Erolcha
 29355 | Orc:2    | Noticed Jorgrun
 29727 | Orc:2    | Found Aseunaoc's Antique Weapon Shop.
 29732 | Orc:2    | Found Heism's General Store.
 29791 | Orc:2    | Reached XP level 16. HP: 74/101 MP: 3/29
 29946 | Orc:2    | Bought a scroll of identify for 32 gold pieces
 29946 | Orc:2    | Identified a scroll of acquirement
 30371 | Orc:2    | Offered knowledge of Bombard by Vehumet.
 30379 | Orc:2    | Learned a level 6 spell: Bombard
 30443 | Orc:2    | Killed Erolcha
 30566 | Orc:2    | Found Rycehin's Book Boutique.
 30566 | Orc:2    | Found Qoruiv's Assorted Antiques.
 30581 | Orc:2    | Bought a potion of invisibility for 224 gold pieces
 30882 | Orc:2    | Reached skill level 15 in Conjurations
 31566 | Snake:1  | Entered Level 1 of the Snake Pit
 32049 | Snake:1  | Reached skill level 10 in Spellcasting
 32349 | Snake:1  | Noticed Donald
 32366 | Snake:1  | Killed Donald
 33695 | Snake:2  | Found a runed translucent gate.
 33695 | Snake:2  | Found a runed translucent gate.
 33697 | Snake:2  | Found a runed translucent gate.
 33698 | Snake:2  | Noticed Romunoh's ghost (adept SpBr)
 33698 | Snake:2  | Noticed Hih Uni's ghost (journeyman MiFi)
 33698 | Snake:2  | Noticed Pudaididd's ghost (adept DsMo)
 35267 | Snake:3  | Reached XP level 17. HP: 51/108 MP: 0/31
 35462 | Snake:3  | Offered knowledge of Yara's Violent Unravelling by Vehumet.
 35947 | Snake:3  | Noticed Asterion
 35952 | Snake:3  | Killed Asterion
 36239 | Snake:4  | Entered Level 4 of the Snake Pit
 37895 | Snake:4  | Offered knowledge of Conjure Ball Lightning by Vehumet.
 38038 | Snake:4  | Killed from afar by a salamander tyrant

Illustrated notes

Levels and vault maps discovered:
D:1:      lightli_arrival_windingriver, layout_basic
D:2:      layout_loops_cross
D:3:      layout_basic
D:4:      kennysheep_the_goblin_king, layout_loops_ring, kennysheep_little_box,
          lightli_sewer_entry_pipes, uniq_crazy_yiuf_cottage
D:5:      layout_loops_ring, minmay_temple_entry_glassed_door
D:6:      layout_basic
D:7:      layout_loops_ring, nicolae_overflow_hidden_temple,
          mainiacjoe_overflow_concentric_impassable
D:8:      layout_loops_ring, general_overflow_altar,
          nicolae_ru_great_annihilating_truth, enter_bailey_5, serial_shops,
          shop, uniq_grum, uniq_erica
D:9:      minmay_separated_statues, layout_irregular_city,
          mainiacjoe_overflow_cross_hatched
D:10:     layout_rooms, yredelemnul_altar_generic, minitemple,
          erik_lair_orcish_takeover, hiddenorc2_lemuel
D:11:     layout_small_grid, minmay_sticks_and_stones
D:12:     layout_roguey, minmay_microvault, uniq_frances
D:13:     layout_irregular_city, lightli_vaults_fourway_checkpoint
D:14:     layout_roguey, bh_walls_and_bars, roadster_capsule_ark_zombie
D:15:     hangedman_depths_entry_civil_slaughter, layout_loops_cross,
          serial_park_square2, serial_demonic, serial_demonic_c,
          serial_demonic_c, serial_demonic_e, serial_demonic_c,
          serial_demonic_f, serial_demonic_f, serial_demonic_g,
          serial_demonic_b, minmay_more_statues
Temple:   hellmonk_temple_divided_pantheon
Lair:1:   layout_roguey, infiniplex_staircase_pool_2, uniq_jeremiah, uniq_urug
Lair:2:   layout_loops_ring, minmay_shoals_entry_centaurs,
          nicolae_snake_entry_squirm, tgw_fedhas, grunt_megastairs_3
Lair:3:   layout_chaotic_city, gauntlet_entry_generic, uniq_amaemon
Lair:4:   nzn_winding_woodlands_cross [nzn_winding_woodlands_5x15_sidewinder,
          nzn_winding_woodlands_5x15_zeroes, nzn_winding_woodlands_5x15_default,
          nzn_winding_woodlands_5x15_pool, nzn_winding_woodlands_15x15_killbox],
          layout_long_grid, nicolae_slime_entry_slimehenge, serial_forest,
          infiniplex_forest_lined_room_2, infiniplex_forest_fountain,
          infiniplex_forest_split, infiniplex_forest_lined_room_2,
          infiniplex_forest_zigzag_1, infiniplex_forest_lined_corner,
          infiniplex_forest_clump_long, infiniplex_forest_lined_room_2,
          infiniplex_forest_straight_2, dreamdust_gnoll_shepherd
Lair:5:   minmay_lair_end_enchanted_forest, layout_big_grid,
          nicolae_quartered_pool_medium, dreamdust_deal_with_the_devil,
          hibernation_bobbens
Snake:1:  layout_rooms, uniq_donald
Snake:2:  layout_grid_maze, gammafunk_ghost_cemetery
Snake:3:  cheibrodos_forgotten_conduit, layout_cave_town, grunt_ministairs_2,
          lemuel_fruit_tree, grunt_megastairs_2, uniq_asterion
Snake:4:  snake_pit_salamanders_mu, layout_cave_town, nicolae_triple_integral
Orc:1:    layout_caves
Orc:2:    st_orc_town, layout_diamond_mine, serial_shops, nicolae_diamond_shop,
          uniq_erolcha, uniq_jorgrun, uniq_nessos

Skill      XL: |  1  2  3  4  5  6  7  8  9 10 11 12 13 14 15 16 17 |
---------------+----------------------------------------------------+-----
Earth Magic    | 4 5 6 7 9 11 12 13 14 15 16 | 16.8
Fighting       | 1 2 3 4 5 6 7 9 10 11 12 13 | 13.4
Conjurations   | 1 2 3 5 6 7 8 9 11 14 15 16 | 16.1
Spellcasting   | 3 4 6 7 8 9 10 11 | 11.1
Staves         | 4 8 9 |  9.5
Armour         | 3 6 7 8 |  8.9
Shields        | 3 5 7 9 |  9.3
Hexes          | 1 5 7 8 |  8.3
Dodging        | |  1.5
Stealth        | |  2.1
Transmutations | |  0.7

Action                     |  1- 3 |  4- 6 |  7- 9 | 10-12 | 13-15 | 16-18 || total
---------------------------+-------+-------+-------+-------+-------+-------++-------
  Melee: Unarmed           |     8 |       |     3 |       |       |       ||    11
         Staff             |    23 |    18 |    31 |    84 |   228 |    84 ||   468
         Dagger            |     1 |       |       |       |       |       ||     1
         Punch             |       |       |       |     2 |     5 |       ||     7
  Throw: Dart              |       |       |     1 |     3 |     1 |       ||     5
   Cast: Sandblast         |    50 |    65 |   134 |   287 |   399 |   187 ||  1122
         Stone Arrow       |       |     4 |    45 |   139 |   299 |   105 ||   592
         Brom's Barrelling |       |       |       |    26 |     3 |       ||    29
         Orb of Destructio |       |       |       |       |    50 |    45 ||    95
         Lee's Rapid Decon |       |       |       |       |    57 |    40 ||    97
         Fulminant Prism   |       |       |       |       |    21 |    17 ||    38
         Bombard           |       |       |       |       |       |    48 ||    48
  Evoke: Wand              |       |       |     4 |     3 |     6 |       ||    13
         Sack of spiders   |       |       |       |       |       |     1 ||     1
         Phantom mirror    |       |       |       |       |       |     1 ||     1
    Use: Scroll            |       |     2 |     1 |    12 |     6 |    12 ||    33
         Potion            |       |     1 |     1 |       |     4 |     1 ||     7
   Stab: Sleeping          |     1 |       |       |       |       |       ||     1
 Armour: Robe              |    35 |    43 |   102 |   165 |       |       ||   345
         Troll leather arm |       |       |       |   191 |   396 |   274 ||   861
         Fire dragon scale |       |       |       |       |   465 |       ||   465
         Leather armour    |       |       |       |       |    52 |       ||    52
  Dodge: Dodged            |    44 |    22 |    75 |   252 |   535 |   147 ||  1075
         Repelled          |       |       |       |       |       |     8 ||     8
  Block: Kite shield       |       |       |       |       |       |   155 ||   155
         Reflection        |       |       |       |       |       |    18 ||    18
         Form:             |     1 |       |       |       |       |       ||     1
         Death             |     1 |       |       |       |       |       ||     1

Table legend: (Time is in decaauts)
 A = Elapsed time spent in this place.
 B = Non-inter-level travel time spent in this place.
 C = Inter-level travel time spent in this place.
 D = Time resting spent in this place.
 E = Time spent auto-exploring this place.
 F = Levels seen in this place.
 G = Mean time per level.
                   A        B        C        D        E       F      G
               +--------+--------+--------+--------+--------+-----+--------+
         Total |  38634 |  37295 |   1339 |   3134 |  27008 |  29 | 1332.2 |
       Dungeon |  17709 |  16999 |    710 |   1144 |  12713 |  15 | 1180.6 |
        Temple |     13 |      7 |      6 |      0 |      0 |   1 |   13.0 |
          Lair |   9543 |   9181 |    362 |    803 |   6632 |   5 | 1908.6 |
     Snake Pit |   6533 |   6415 |    118 |    427 |   4827 |   4 | 1633.2 |
  Orcish Mines |   3102 |   2961 |    141 |    236 |   2026 |   2 | 1551.0 |
        Bailey |    696 |    696 |      0 |    178 |    310 |   1 |  696.0 |
      Gauntlet |   1034 |   1034 |      0 |    346 |    498 |   1 | 1034.0 |
               +--------+--------+--------+--------+--------+-----+--------+

Top non-repeatable levels by time:
  Lair:5: 2404 daAuts
  Lair:4: 2173 daAuts
   Orc:2: 2051 daAuts
 Snake:2: 1876 daAuts
 Snake:3: 1831 daAuts
  Lair:1: 1763 daAuts
    D:14: 1715 daAuts
    D:13: 1701 daAuts
  Lair:2: 1636 daAuts
     D:9: 1615 daAuts
  Lair:3: 1565 daAuts
    D:12: 1542 daAuts
 Snake:4: 1518 daAuts
     D:8: 1496 daAuts
    D:10: 1422 daAuts
